 Dungeon Crawl Stone Soup version 0.30-b1-2-g02819fbbbe (webtiles) character file.

Game seed: 16387513571732870418

30 snakesoul the Digger (level 3, -7/19 HPs)
             Began as a Gargoyle Earth Elementalist on May 29, 2023.
             Mangled by Terence
             ... wielding a +0 flail
              (8 damage)
             ... on level 2 of the Dungeon.
             The game lasted 00:03:10 (1638 turns).

snakesoul the Digger (Gargoyle Earth Elementalist)  Turns: 1638, Time: 00:03:10

Health: -7/19      AC:  7    Str: 11    XL:     3   Next: 20%
Magic:  2/6        EV: 11    Int: 17    God:
Gold:   104        SH:  0    Dex: 10    Spells: 0/7 levels left

rFire   . . .        e - +0 club
rCold   . . .        (no shield)
rNeg    + . .        a - +0 robe
rPois   ∞            (no helmet)
rElec   +            l - +0 cloak
rCorr   .            m - +0 pair of gloves
SInv    .            (no boots)
Will    .....        (no amulet)
Stlth   ++           (no ring)
HPRegen 0.23/turn    (no ring)
MPRegen 0.10/turn

%: no passive effects
@: no status effects
A: sickness immunity, AC +3, negative energy resistance 1, electricity
resistance, torment resistance 1, petrification resistance
a: no special abilities


You were on level 2 of the Dungeon.
You visited 1 branch of the dungeon, and saw 2 of its levels.

You collected 104 gold pieces.

Inventory:

Hand Weapons
 e - a +0 club (weapon)
Missiles
 g - a throwing net
 i - 11 stones
 o - 5 boomerangs
Armour
 a - a +0 robe (worn)
 l - a +0 cloak (worn)
 m - a +0 pair of gloves (worn)
Jewellery
 k - a ring of protection from fire
Scrolls
 c - a scroll of poison {unknown}
 h - 2 scrolls of identify {unknown}
 j - a scroll of teleportation {unknown}
 n - a scroll of amnesia {unknown}
Potions
 b - a potion of magic
 d - 2 potions of curing {unknown}
 f - a potion of flight {unknown}


   Skills:
 - Level 1.5 Dodging
 - Level 2.1 Stealth
 + Level 2.5 Spellcasting
 + Level 1.5 Transmutations
 + Level 4.2 Earth Magic


You couldn't memorise any spells.
You knew the following spells:

 Your Spells              Type           Power      Damage    Failure   Level
a - Sandblast             Erth           32%        2d9       3%          1
b - Passwall              Tmut/Erth      9%         N/A       9%          2
c - Kiss of Death         Conj/Necr      8%         2d6       19%         1
d - Stone Arrow           Conj/Erth      18%        3d8       24%         3

Your spell library contained the following spells:

 Spells                   Type           Power      Damage    Failure   Level
 Confusing Touch          Hex            2%         N/A       50%         3
 Petrify                  Tmut/Erth      11%        N/A       50%         4
 Dispel Undead            Necr           2%         3d7       88%         4


Dungeon Overview and Level Annotations

Branches:
Dungeon (2/15)

Altars:

Annotations:
D:2 Terence


Innate Abilities, Weirdness & Mutations

You are immune to sickness and miasma.
Your stone body is resilient. (AC +3)
You are immune to poison.
You resist negative energy. (rN+)
You are resistant to electric shocks. (rElec)
You are resistant to unholy torment.
You are immune to petrification.


Message History

Your line of fire to Terence is blocked by a plant.
The blast of sand hits Terence but does no damage.
The blast of sand hits Terence but does no damage.
Casting: Sandblast (safe; 3% risk of failure)
Confirm with . or Enter, or press ? or * to list all spells.
Okay, then.
Unknown command.
Okay, then.
Unknown command.
Casting: Sandblast (safe; 3% risk of failure)
Confirm with . or Enter, or press ? or * to list all spells.
Okay, then.
Casting: Sandblast (safe; 3% risk of failure)
Confirm with . or Enter, or press ? or * to list all spells.
Okay, then.
Unknown command.
Unknown command.
Okay, then.
The blast of sand hits Terence but does no damage.
Terence hits you with a +0 flail. Terence barely misses you.
The blast of sand hits Terence but does no damage.
Terence hits you with a +0 flail.
The blast of sand misses Terence.
Terence misses you. Terence barely misses you.
The blast of sand misses Terence.
Terence closely misses you.
You are out of magic!
You are out of magic!
You hit Terence but do no damage. Terence barely misses you. x2
You barely miss Terence. Terence hits you with a +0 flail.
You hit Terence but do no damage. Terence hits you with a +0 flail!
* * * LOW HITPOINT WARNING * * *
You hit Terence but do no damage. Terence barely misses you.
Terence hits you with a +0 flail.
* * * LOW HITPOINT WARNING * * *
You barely miss Terence. Terence closely misses you.
Found a scroll labelled ALOIVU VYNUG.
Terence attacks as you move away! Terence hits you with a +0 flail.
* * * LOW HITPOINT WARNING * * *
Terence attacks as you move away! Terence hits you with a +0 flail!
You die...

##.?......# #...##
###.###### #'## #.#
#.# #.# #.# #.# ##g##
####.#### ##gg.##
#.......# #...>.#
#?##.##.### ##<..## #
#..@@..# ##.##
####.#.#######.####.#
..# ..........†..#
#### #######.######
#.# #.# #.# #.#
################.#


You could see Terence.

Vanquished Creatures
  An adder (D:2)
  A dart slug (D:1)
  3 ball pythons (D:1)
  2 goblins (D:1)
  4 hobgoblins (D:1)
  2 bats
  2 frilled lizards (D:1)
  2 kobolds (D:1)
  3 rats (D:2)
20 creatures vanquished.

Vanquished Creatures (others)
  5 plants (D:2)
5 creatures vanquished.

Grand Total: 25 creatures vanquished

Notes
Turn   | Place    | Note
-------+----------+-------------------------------------------
     0 | D:1      | snakesoul the Gargoyle Earth Elementalist began the quest
                  | for the Orb.
     0 | D:1      | Reached XP level 1. HP: 10/10 MP: 3/3
   126 | D:1      | Reached skill level 1 in Transmutations
   243 | D:1      | Reached XP level 2. HP: 15/15 MP: 3/5
   548 | D:1      | Found a faded altar of an unknown god.
   626 | D:1      | Reached skill level 4 in Earth Magic
   770 | D:1      | Learned a level 2 spell: Passwall
  1527 | D:2      | Reached XP level 3. HP: 19/19 MP: 4/6
  1529 | D:2      | Learned a level 1 spell: Kiss of Death
  1565 | D:2      | Noticed Terence
  1599 | D:2      | Learned a level 3 spell: Stone Arrow
  1638 | D:2      | Mangled by Terence

Illustrated notes

Levels and vault maps discovered:
D:1:      dpeg_arrival_brainrot, layout_loops_corners,
          ebering_ecumenical_altar_webs, solitary_fountain
D:2:      layout_loops_corners, serial_forest, infiniplex_forest_clump_C,
          infiniplex_forest_end_1, infiniplex_forest_straight_1,
          infiniplex_forest_end_2, infiniplex_forest_clump_long,
          infiniplex_forest_lined_room_, infiniplex_forest_lined_room_,
          infiniplex_forest_clump_curved, uniq_crazy_yiuf_cottage, uniq_terence

Skill      XL: |  1  2 |
---------------+-------+-----
Transmutations | 1 |  1.5
Earth Magic    | 4 |  4.2
Dodging        | |  1.5
Stealth        | |  2.1
Spellcasting   | |  2.5

Action                     || total
---------------------------++-------
  Melee: Club              ||     5
   Cast: Sandblast         ||    35
 Armour: Robe              ||     3
  Dodge: Dodged            ||    14
